AoeStats
← HereticMink

Arena

508335294Analyzed
4v4 RM · 9d ago on Sep 22, 2026· 51m 51s· 8 players
Game mode
Random Map
Map size
Large (8 player)
Population
200
Speed
Normal
Resources
Standard
Victory
Conquest
Starting age
Dark Age
Ending age
Imperial Age
RankedLock teamsTeams togetherTeam positionsShared explorationLock speedFull tech treeHidden civsTurbo modeCheats
Victory
Defeat
🇺🇸 Ethiopians · United States
941
+15
🇺🇸 Huns · United States
901
+16
🇫🇷 Turks · France
901
+16
🇺🇸 Japanese · United States
867
+17
🇦🇷 Mongols · Argentina
962
-18
🇺🇸 Britons · United States
950
-18
🇺🇸 Khmer · United States
860
-14
🇺🇸 Bohemians · United States
859
-14
mrbubbles019
10:09 Feudal Age
14:06 Castle Age
12:32 Double-Bit Axe
12:33 Horse Collar
15:02 Wheelbarrow
14:58 Bow Saw
21:16 Loom
21:49 Hand Cart
24:29 Heavy Plow
30:28 Imperial Age
28:53 Forging
28:43 Scale Mail Armor
28:45 Gold Mining
30:01 Gold Shaft Mining
31:27 Iron Casting
31:07 Chain Mail Armor
33:08 Chemistry
31:50 Onager
33:04 Siege Engineers
34:22 Squires
33:43 Halberdier
34:11 Arson
35:29 Blast Furnace
34:59 Plate Mail Armor
35:23 Fortified Wall
35:25 Masonry
36:14 Ballistics
37:13 Plate Mail Armor
40:39 Siege Onager
41:41 Torsion Engines
49:19 Town Watch
francis le tueur
13:48 Feudal Age
15:39 Wheelbarrow
14:52 Double-Bit Axe
14:49 Horse Collar
15:02 Gold Mining
18:46 Castle Age
23:30 Imperial Age
22:12 Padded Archer Armor
23:11 Leather Archer Armor
24:42 Ring Archer Armor
26:42 Ballistics
33:42 Hand Cart
33:16 Town Watch
33:17 Loom
34:21 Bow Saw
34:50 Gold Shaft Mining
34:23 Heavy Plow
36:39 Two-Man Saw
35:48 Town Patrol
35:48 Stone Mining
38:36 Fletching
40:16 Bodkin Arrow
40:06 Treadmill Crane
40:37 Masonry
40:29 Heated Shot
45:13 Fortified Wall
45:34 Architecture
45:28 Bombard Tower
45:05 Murder Holes
47:11 Bracer
50:34 Conscription
50:33 Artillery
Bruin878
13:54 Feudal Age
13:11 Loom
18:53 Castle Age
17:05 Horse Collar
17:15 Double-Bit Axe
17:25 Stone Mining
17:26 Gold Mining
20:03 Wheelbarrow
24:18 Heavy Plow
26:12 Hand Cart
30:54 Imperial Age
30:05 Gold Shaft Mining
29:49 Bow Saw
29:46 Scale Barding Armor
29:53 Forging
29:49 Marauders
31:01 Bloodlines
30:52 Husbandry
31:27 Chain Barding Armor
31:48 Elite Tarkan
32:49 Conscription
33:41 Plate Barding Armor
33:42 Iron Casting
34:53 Arson
35:09 Squires
34:30 Pikeman
35:16 Scale Mail Armor
37:15 Blast Furnace
36:33 Chain Mail Armor
35:52 Halberdier
38:31 Light Cavalry
39:36 Hussar
d.vamossy
12:25 Feudal Age
13:01 Double-Bit Axe
12:59 Horse Collar
20:17 Castle Age
18:26 Gold Mining
19:56 Wheelbarrow
19:08 Loom
19:12 Town Watch
19:35 Stone Mining
21:11 Bow Saw
21:37 Heavy Plow
22:27 Gold Shaft Mining
23:02 Fervor
23:13 Sanctity
23:41 Hand Cart
31:39 Pikeman
32:20 Squires
32:06 Arson
36:13 Imperial Age
33:50 Treadmill Crane
34:06 Murder Holes
34:33 Ballistics
34:32 Masonry
35:33 Town Patrol
35:45 Fletching
36:06 Forging
35:57 Scale Mail Armor
36:20 Yasama
36:44 Bodkin Arrow
37:53 Kataparuto
37:28 Arrowslits
38:44 Chemistry
38:26 Hoardings
38:20 Conscription
38:57 Elite Samurai
40:16 Siege Engineers
40:22 Fortified Wall
41:04 Bracer
41:33 Halberdier
42:08 Gambesons
43:04 Iron Casting
42:46 Chain Mail Armor
43:53 Padded Archer Armor
44:54 Blast Furnace
43:38 Man-at-Arms
45:30 Plate Mail Armor
44:25 Long Swordsman
46:11 Parthian Tactics
45:07 Heavy Cavalry Archer
45:23 Elite Samurai
45:40 Long Swordsman
46:28 Two-Handed Swordsman
47:38 Thumb Ring
48:04 Champion
Neumanoooo
10:09 Feudal Age
11:28 Wheelbarrow
10:36 Horse Collar
10:44 Double-Bit Axe
20:40 Castle Age
19:16 Fletching
19:27 Padded Archer Armor
20:44 Gold Mining
20:50 Stone Mining
21:21 Crossbowman
24:02 Bodkin Arrow
25:31 Bow Saw
25:47 Leather Archer Armor
26:34 Ballistics
30:02 Imperial Age
28:15 Heavy Plow
32:25 Chemistry
31:44 Bracer
32:14 Ring Archer Armor
32:53 Arbalester
34:11 Ring Archer Armor
35:49 Conscription
36:48 Two-Man Saw
36:26 Gold Shaft Mining
37:37 Hand Cart
37:06 Pikeman
37:47 Squires
40:45 Yeomen
40:45 Halberdier
HereticMink
0:27 Loom
12:23 Feudal Age
13:32 Horse Collar
17:38 Gold Mining
17:39 Stone Mining
21:33 Castle Age
20:44 Double-Bit Axe
22:49 Wheelbarrow
22:03 Town Watch
24:07 Caravan
25:39 Heavy Plow
25:58 Bow Saw
32:16 Imperial Age
34:18 Bloodlines
34:09 Husbandry
33:34 Light Cavalry
36:43 Fletching
37:05 Forging
37:01 Scale Barding Armor
37:20 Ballistics
38:01 Chemistry
36:57 Murder Holes
37:13 Masonry
38:14 Heavy Scorpion
39:18 Conscription
Jdz702
11:02 Feudal Age
9:20 Loom
12:22 Double-Bit Axe
12:19 Horse Collar
22:16 Castle Age
22:35 Forging
22:27 Scale Mail Armor
24:05 Pikeman
29:42 Wheelbarrow
35:10 Imperial Age
33:45 Ballistics
34:28 Chemistry
34:47 Bow Saw
35:15 Ballistics
34:51 Murder Holes
35:14 Hand Cart
34:46 Town Watch
37:01 Conscription
36:48 Wagenburg Tactics
38:45 Halberdier
40:31 Houfnice
leperamaximiliano
11:32 Feudal Age
12:34 Double-Bit Axe
14:54 Wheelbarrow
18:12 Castle Age
18:00 Horse Collar
19:17 Hand Cart
22:03 Bow Saw
30:27 Imperial Age
27:56 Fletching
28:06 Padded Archer Armor
28:28 Ballistics
30:49 Bodkin Arrow
31:09 Leather Archer Armor
31:23 Town Watch
33:58 Chemistry
33:21 Bracer
33:36 Leather Archer Armor
32:43 Elite Skirmisher
34:15 Leather Archer Armor
35:21 Husbandry
35:31 Bloodlines
35:55 Scale Barding Armor
36:01 Forging
36:13 Light Cavalry
37:32 Hussar
Connection lost

Rejoining the realm…

Still unreachable

The connection could not be restored.

Session expired

The server has moved on; the page needs a fresh start.